 Dungeon Crawl Stone Soup version 0.22.1-6-g1668fe2 (webtiles) character file.

33 brainwave the Skirmisher (level 3, 0/33 HPs)
             Began as a Ghoul Monk on Jan 27, 2019.
             Slain by an orc wizard
             ... wielding a +0 dagger
              (2 damage)
             ... on level 3 of the Dungeon.
             The game lasted 00:25:57 (1137 turns).

brainwave the Skirmisher (Ghoul Monk)               Turns: 1137, Time: 00:25:57

Health: 0/33       AC:  2    Str: 15    XL:     3   Next: 29%
Magic:  2/2        EV: 13    Int:  5    God:
Gold:   65         SH:  0    Dex: 11    Spells: 2/2 levels left

rFire    . . .     SeeInvis .   a - +0 falchion
rCold    + . .     Gourm    .   (no shield)
rNeg     + + +     Faith    .   b - +0 robe
rPois    ∞         Spirit   .   (no helmet)
rElec    .         Reflect  .   (no cloak)
rCorr    .         Harm     .   (no gloves)
MR       .....                  (no boots)
Stlth    ++........             (no amulet)
HPRegen  0.00/turn              (no ring)
MPRegen  0.08/turn              (no ring)

@: rotting
A: rotting body, claws 1, carnivore, cold resistance 1, negative energy
resistance 3, inhibited regeneration, torment resistance, unbreathing
a: no special abilities


You were on level 3 of the Dungeon.
You were not hungry.

You visited 1 branch of the dungeon, and saw 3 of its levels.

You collected 65 gold pieces.

Inventory:

Hand Weapons
 a - a +0 falchion (weapon)
 l - a +0 blowgun
Missiles
 j - 6 poisoned needles
 m - 27 bolts
Armour
 b - a +0 robe (worn)
 h - a scarf of spirit shield
Jewellery
 g - an uncursed ring of flight {unknown}
Scrolls
 f - a scroll of remove curse {unknown}
 i - a scroll of identify {unknown}
 k - a scroll of teleportation {unknown}
Potions
 d - a potion of curing {unknown}
 e - 2 potions of invisibility {unknown}
 n - a potion of mutation {unknown}
Comestibles
 c - 4 rations


   Skills:
 - Level 3.7 Fighting
 * Level 3.2 Long Blades
 * Level 3.0 Dodging
 - Level 2.3 Stealth


You had 2 spell levels left.
You didn't know any spells.
Your spell library was empty.

Dungeon Overview and Level Annotations

Branches:
Dungeon (3/15)

Altars:
Makhleb
Nemelex Xobeh


Innate Abilities, Weirdness & Mutations

Your body is rotting away.
You thrive on raw meat.
You are immune to poison.
You have sharp fingernails.
You are carnivorous and can eat meat at any time.
Your flesh is cold resistant. (rC+)
You are immune to negative energy. (rN+++)
You do not regenerate when monsters are visible.
You are immune to unholy pain and torment.
You can survive without breathing.


Message History

The orc wizard is moderately wounded.
The orc wizard hits you with a dagger. The adder misses you. x2
The orc wizard barely misses you.
You closely miss the orc wizard.
The orc wizard is moderately wounded.
The orc wizard hits you but does no damage.
The adder bites you.
The orc wizard looks satisfied for a moment.
You closely miss the orc wizard.
The orc wizard is moderately wounded.
The adder barely misses you.
The orc wizard hits you but does no damage.
The adder bites you.
* * * LOW HITPOINT WARNING * * *
You closely miss the orc wizard.
The orc wizard is moderately wounded.
The orc wizard hits you with a dagger.
* * * LOW HITPOINT WARNING * * *
The adder bites you but does no damage. The orc wizard hits you with a dagger.
You die...

#............##...#####
........................
.#.#....[........#.....
.#.#........#..#.#...#
#.#..#.....#........ #.
#.#........##.....#....
.#.#..........o.....#
..........##.#o##
###.#.......#.#@#
........)....S.###
#.#<......#.....#
#.........##....#
#.........##....#
.###...............#
.........>.........#
#####...........####
#.....#'#####


You could see an orc wizard, an adder and an orc.

Vanquished Creatures
  An ooze (D:3)
  A leopard gecko (D:2)
  3 orcs (D:3)
  6 bats
  A goblin (D:3)
  A hobgoblin (D:1)
  7 kobolds
  4 rats
24 creatures vanquished.

Notes
Turn   | Place    | Note
-------+----------+-------------------------------------------
     0 | D:1      | brainwave the Ghoul Monk began the quest for the Orb.
     0 | D:1      | Reached XP level 1. HP: 19/19 MP: 0/0
   294 | D:1      | Reached XP level 2. HP: 20/26 MP: 1/1
   596 | D:2      | Found a sparkling altar of Nemelex Xobeh.
   919 | D:3      | Found a burning altar of Makhleb.
   978 | D:3      | Reached XP level 3. HP: 22/33 MP: 2/2
  1137 | D:3      | Slain by an orc wizard

Skill      XL: |  1  2 |
---------------+-------+-----
Long Blades    | 3 |  3.2
Dodging        | 3 |  3.0
Fighting       | |  3.7
Stealth        | |  2.3

Action                   || total
-------------------------++-------
Melee: Falchion          ||    73
 Stab: Sleeping          ||     2
  Eat: Chunk             ||     9
Armor: Robe              ||    16
Dodge: Dodged            ||    85
       Rpst.: Falchion   ||    28
